 Dungeon Crawl Stone Soup version 0.27.1-34-g3ba077fa99 (console) character file.

Game seed: 476026403319485207

33042 Banquo the Severer (level 14, -3/105 (109) HPs)
             Began as a Formicid Fighter on Feb 8, 2022.
             Was a High Priest of Trog.
             Slain by Snorg (14 damage)
             ... on level 5 of the Lair of Beasts.
             The game lasted 01:10:22 (19301 turns).

Banquo the Severer (Formicid Fighter)              Turns: 19301, Time: 01:10:22

HP:   -3/105 (109)  AC: 24    Str: 25    XL:     14   Next: 5%
MP:   14/14         EV:  9    Int: 11    God:    Trog [*****.]
Gold: 600           SH: 12    Dex: 10    Spells: 13/13 levels left

rFire    . . .     SeeInvis +   a - +3 battleaxe (venom)
rCold    . . .     Faith    .   i - +0 kite shield
rNeg     . . .     Spirit   .   d - +1 plate armour
rPois    +         Reflect  .   (helmet unavailable)
rElec    .         Harm     .   e - +2 cloak {rPois}
rCorr    .         Rampage  +   (no gloves)
Will     ++++.     Clarity  +   f - +1 pair of boots {rampage}
Stlth    ..........             n - amulet of the acrobat
HPRegen  1.27/turn              z - ring of willpower
MPRegen  0.14/turn              (no ring)

@: strong-willed, regenerating, lightly drained
A: permanent stasis, dig shafts and tunnels, antennae 3, four strong arms,
iridescent scales 1, clarity, clever 1
a: Dig, Shaft Self, Renounce Religion, Trog's Hand, Brothers in Arms


You were on level 5 of the Lair of Beasts.
You worshipped Trog.
Trog was extremely pleased with you.
You visited 2 branches of the dungeon, and saw 14 of its levels.

You collected 600 gold pieces.

Inventory:

Hand Weapons
 a - a +3 battleaxe of venom (weapon)
 b - a +3 broad axe of flaming
 A - a +4 halberd
 B - a +2 whip of electrocution
 D - a +0 shortbow of flaming
 J - a +3 longbow of flaming
 K - a +5 morningstar of freezing
Missiles
 h - 481 stones
 k - 41 poisoned darts
 l - 244 arrows
 m - 132 bolts
 p - 10 boomerangs
 E - 5 datura-tipped darts
 L - 6 javelins
Armour
 d - a +1 plate armour (worn)
 e - a +2 cloak of poison resistance (worn)
 f - a +1 pair of boots of rampaging (worn)
 i - a +0 kite shield (worn)
 q - a +0 pair of boots
Jewellery
 n - an amulet of the acrobat (around neck)
 s - a ring of ice
 z - a ring of willpower (left hand)
 I - an amulet of faith
Wands
 w - a wand of iceblast (16)
 x - a wand of polymorph (8)
 y - a wand of paralysis (17)
 C - a wand of flame (25)
Scrolls
 o - 3 scrolls of enchant armour
 r - 5 scrolls of identify
 u - 2 scrolls of noise
 G - a scroll of enchant weapon
 H - a scroll of fog
Potions
 c - a potion of might
 g - 4 potions of heal wounds
 j - 6 potions of curing
 t - 2 potions of ambrosia
 v - 2 potions of magic
Miscellaneous
 F - a box of beasts


   Skills:
 * Level 9.7 Fighting
 * Level 15.8 Axes
 * Level 11.2 Armour
 * Level 4.7 Dodging
 * Level 10.6 Shields


You had 13 spell levels left.
You didn't know any spells.
Your spell library was empty.

Dungeon Overview and Level Annotations

Branches:
Dungeon (9/15)             Temple (0/1) D:7            Lair (5/6) D:9
 Shoals (0/4) Lair:2       Spider (0/4) Lair:2
  Slime: Lair:5-6       Orc: D:9-12

Altars:
Ashenzari
Elyvilon
Hepliaklqana
Kikubaaqudgha
Qazlal
Trog
Wu Jian
Xom

Shops:
D:2 [   D:4 *

Annotations:
Lair:1 exclusion: 3 oklob plants
Lair:3 2 transporters
Lair:5 exclusion: oklob plant, Snorg


Innate Abilities, Weirdness & Mutations

You cannot be hasted, slowed, berserked, paralysed or teleported.
You can dig through walls and to a lower floor.
You have a pair of large antennae on your head. (SInv)
Your four strong arms can wield two-handed weapons with a shield.
You are partially covered in iridescent scales. (AC +2)
You possess an exceptional clarity of mind.
Your mind is acute. (Int +2)


Message History

You block the hell rat's attack.
A hell rat comes into view.
You block the hell rat's attack.
Things that are here:
a yak corpse; a yak corpse Snorg goes berserk!
You slice Snorg!!
Snorg looks as sick as possible!
Snorg is lightly wounded.
You block Snorg's attack. Snorg claws you but does no damage.
You block Snorg's attack. Snorg bites you but does no damage. Snorg claws you!
You block Snorg's attack.
You closely miss Snorg.
Snorg is lightly wounded.
You kill the hell rat!
Trog accepts your kill. You block Snorg's attack. Snorg barely misses you.
Snorg closely misses you.
You slash Snorg!
Snorg looks as sick as possible!
Snorg is moderately wounded.
Snorg bites you! Snorg claws you! Snorg claws you.
You slash Snorg!
Snorg looks as sick as possible!
Snorg is moderately wounded.
Snorg bites you but does no damage. You block Snorg's attack.
Snorg claws you but does no damage. Snorg bites you!! You block Snorg's attack.
Snorg claws you.
You are too injured to fight recklessly!
You are too injured to fight recklessly!
Your skin crawls.
You feel strong-willed. Snorg bites you but does no damage.
Snorg claws you but does no damage. Snorg barely misses you.
You slice Snorg!!
Snorg looks as sick as possible!
Snorg is heavily wounded.
You block Snorg's attack. Snorg claws you!
* * * LOW HITPOINT WARNING * * *
Snorg claws you!
* * * LOW HITPOINT WARNING * * *
Snorg bites you.
* * * LOW HITPOINT WARNING * * *
Snorg claws you!
You die...

#... #.r#
#.r# #.r#
##.## #r†#
..
##r#####..
##Tr##.#.#
#@#{.#..###
###........
#........
#........
###........
#..........
##.........
##....##..#
#...####.#.


You could see Snorg (berserk, extremely poisoned) and 3 hell rats.

Vanquished Creatures
  Nessos (Lair:5)
  Fannar (Lair:1)
  3 hydras
  A boulder beetle (Lair:5)
  A tengu warrior (D:8)
  Urug (Lair:5)
  Pikel (D:8)
  An orc sorcerer (D:7)
  A manticore (Lair:2)
  7 elephants
  Joseph (D:8)
  5 cane toads
  5 black mambas
  A torpor snail (Lair:3)
  A rime drake (Lair:4)
  6 komodo dragons
  5 polar bears
  A wind drake (Lair:2)
  A hornet (D:7)
  19 blink frogs
  A wraith (D:9)
  A redback (Lair:2)
  41 yaks
  2 wyverns (Lair:3)
  2 basilisks
  3 steam dragons
  9 water moccasins
  A hornet zombie (D:8)
  10 black bears
  3 ice beasts
  8 wolves
  A necrophage (D:6)
  5 centaurs
  6 ogres
  2 phantoms
  2 kobold brigands
  A lemure (D:8)
  Blork the orc (D:5)
  14 bullfrogs
  A gnoll sergeant (D:7)
  5 scorpions
  2 water moccasin skeletons
  7 wights
  A centaur skeleton (D:5)
  A centaur zombie (D:6)
  3 hounds
  A jelly (D:6)
  3 orc priests
  A bullfrog skeleton (D:6)
  A gnoll shaman (D:8)
  6 orc wizards
  3 iguanas
  3 hell rats (Lair:5)
  A killer bee zombie (D:6)
  12 gnolls
  7 adders
  A howler monkey skeleton (D:6)
  4 white imps
  An ufetubus (D:5)
  6 dart slugs
  16 orcs
  7 endoplasms
  7 giant cockroaches
  16 goblins
  6 hobgoblins
  4 jackals (D:1)
  13 kobolds
  6 quokkas
  3 ball pythons
  7 bats
  9 frilled lizards
  10 rats
350 creatures vanquished.

Vanquished Creatures (others)
  A gnoll (D:7)
  37 fungi
  37 plants
75 creatures vanquished.

Grand Total: 425 creatures vanquished

Notes
Turn   | Place    | Note
-------+----------+-------------------------------------------
     0 | D:1      | Banquo the Formicid Fighter began the quest for the Orb.
     0 | D:1      | Reached XP level 1. HP: 18/18 MP: 1/1
   128 | D:1      | Reached XP level 2. HP: 20/24 MP: 2/2
   242 | D:1      | Found a faded altar of an unknown god.
   254 | D:1      | Became a worshipper of Trog the Wrathful
   254 | D:1      | Reached * piety under Trog
   461 | D:1      | Reached XP level 3. HP: 29/29 MP: 3/3
  1134 | D:2      | Reached XP level 4. HP: 35/35 MP: 4/4
  1236 | D:2      | Reached ** piety under Trog
  1464 | D:2      | Reached skill level 3 in Axes
  2011 | D:2      | Found Tyhoxzidgh's Armour Boutique.
  2649 | D:3      | Reached XP level 5. HP: 41/41 MP: 5/5
  2887 | D:3      | Found an ancient bone altar of Kikubaaqudgha.
  2887 | D:3      | Found an ornate altar of the Wu Jian Council.
  2888 | D:3      | Found a hazy altar of Hepliaklqana.
  3177 | D:4      | Found a shimmering altar of Xom.
  3177 | D:4      | Found a stormy altar of Qazlal.
  3189 | D:4      | Reached skill level 4 in Axes
  3189 | D:4      | Reached XP level 6. HP: 48/48 MP: 6/6
  3258 | D:4      | Found Eaiboet's Eclectic Emporium.
  3382 | D:4      | Noticed an ogre
  3543 | D:4      | Reached skill level 1 in Dodging
  3573 | D:4      | Reached skill level 5 in Axes
  3610 | D:4      | Reached XP level 7. HP: 46/54 MP: 7/7
  4245 | D:5      | Entered Level 5 of the Dungeon
  4276 | D:5      | Reached skill level 5 in Shields
  4339 | D:5      | Noticed Blork the orc
  4437 | D:5      | Noticed a water moccasin
  4460 | D:5      | Gained mutation: Your mind is acute. (Int +2) [potion of
                  | mutation]
  4460 | D:5      | Gained mutation: You are partially covered in iridescent
                  | scales. (AC +2) [potion of mutation]
  4460 | D:5      | Gained mutation: You possess an exceptional clarity of
                  | mind. [potion of mutation]
  4472 | D:5      | Killed a water moccasin
  4473 | D:5      | Reached skill level 5 in Armour
  4478 | D:5      | Reached skill level 6 in Axes
  4630 | D:5      | Reached XP level 8. HP: 47/61 MP: 8/8
  5126 | D:5      | Reached skill level 7 in Axes
  5661 | D:5      | Killed Blork the orc
  6823 | D:6      | Reached XP level 9. HP: 67/67 MP: 9/9
  6845 | D:6      | Found a white marble altar of Elyvilon.
  6888 | D:6      | Reached skill level 8 in Axes
  6993 | D:6      | Reached skill level 5 in Fighting
  7426 | D:6      | Reached skill level 9 in Axes
  8382 | D:7      | Found a staircase to the Ecumenical Temple.
  8511 | D:7      | Noticed an orc sorcerer
  8526 | D:7      | Reached skill level 10 in Axes
  8573 | D:7      | Reached *** piety under Trog
  8574 | D:7      | Reached XP level 10. HP: 35/74 MP: 10/10
  8939 | D:7      | Identified the +1 leather armour of Chimes {rF+ rCorr
                  | Dex+5}
  8967 | D:7      | Killed an orc sorcerer
  9253 | D:7      | Reached skill level 11 in Axes
  9910 | D:8      | Noticed Pikel
  9939 | D:8      | Killed Pikel
 10041 | D:8      | Noticed Joseph
 10058 | D:8      | Killed Joseph
 10163 | D:8      | Noticed a tengu warrior
 10525 | D:8      | Reached XP level 11. HP: 81/81 MP: 11/11
 10777 | D:8      | Killed a tengu warrior
 10778 | D:8      | Reached skill level 12 in Axes
 11017 | D:9      | Found a staircase to the Lair.
 11251 | D:9      | Found a broken altar of Ashenzari.
 11835 | Lair:1   | Entered Level 1 of the Lair of Beasts
 12449 | Lair:1   | Noticed a four-headed hydra
 12462 | Lair:1   | Killed a four-headed hydra
 12463 | Lair:1   | Reached skill level 13 in Axes
 12900 | Lair:1   | Noticed an oklob plant
 13004 | Lair:1   | Noticed Fannar
 13022 | Lair:1   | You fall into a shaft and drop 1 floor!
 13671 | Lair:1   | Reached XP level 12. HP: 91/91 MP: 12/12
 13757 | Lair:1   | Killed Fannar
 13757 | Lair:1   | Reached **** piety under Trog
 14731 | Lair:2   | Found a hole to the Spider Nest.
 14743 | Lair:2   | Reached skill level 10 in Armour
 14913 | Lair:2   | Reached skill level 14 in Axes
 15320 | Lair:2   | Noticed a seven-headed hydra
 15336 | Lair:2   | Killed a seven-headed hydra
 15503 | Lair:2   | Reached XP level 13. HP: 93/99 MP: 13/13
 15582 | Lair:2   | Found a staircase to the Shoals.
 16575 | Lair:3   | Reached skill level 15 in Axes
 16749 | Lair:3   | Found a transporter.
 16749 | Lair:3   | Noticed a boulder beetle
 16750 | Lair:3   | Found a transporter.
 16751 | Lair:3   | Noticed a boulder beetle
 16798 | Lair:3   | Reached skill level 10 in Shields
 16912 | Lair:3   | Noticed a four-headed hydra
 16930 | Lair:3   | Killed a four-headed hydra
 17038 | Lair:3   | Reached ***** piety under Trog
 18859 | Lair:5   | Noticed a boulder beetle
 18880 | Lair:5   | Killed a boulder beetle
 19064 | Lair:5   | Noticed Nessos
 19079 | Lair:5   | Killed Nessos
 19176 | Lair:5   | Noticed Urug
 19183 | Lair:5   | Killed Urug
 19183 | Lair:5   | Received a gift from Trog
 19267 | Lair:5   | Reached XP level 14. HP: 107/108 MP: 14/14
 19284 | Lair:5   | Noticed Snorg
 19301 | Lair:5   | Slain by Snorg

Illustrated notes

Levels and vault maps discovered:
D:1:      nicolae_arrival_memento_mori, layout_rooms,
          hellmonk_ecumenical_altar_dog_temple
D:2:      layout_basic, serial_shops, nicolae_shop_waterfront
D:3:      layout_basic, minitemple
D:4:      layout_loops_ring, chequers_temple_overflow_statue_of_worship,
          nicolae_alphabet_shops
D:5:      layout_cave_pods, minivault_19, minmay_ogre_servants,
          uniq_blork_the_orc
D:6:      black_bear_nest_2, layout_layer_cave, elyvilon_altar_1,
          grunt_decor_junction, st_stairs_8
D:7:      cheibrodos_wizards_tower, layout_rooms,
          minmay_temple_entry_gardened_gates
D:8:      layout_layer_cave, st_stairs_8, uniq_joseph, uniq_pikel
D:9:      layout_rooms, ashenzari_altar_1, lair_entry_dummy
Lair:1:   layout_cave_pods, beast_lair_carwin_6, lemuel_fruit_tree,
          minmay_lair_oklob_chamber, uniq_fannar
Lair:2:   beast_lair_carwin_large_3, layout_chaotic_city,
          minmay_shoals_entry_beasts, spider_nest_entry_rubble,
          lemuel_old_faithful
Lair:3:   gammafunk_boulding_lane, layout_loops_ring, grunt_megastairs_1,
          infiniplex_staircase_pool_2
Lair:4:   layout_big_grid
Lair:5:   layout_regular_city, minmay_slime_entry_oklob_enclosed,
          serial_bayou_pond_b, grunt_forest_small_clearing_treed, uniq_urug,
          uniq_nessos, uniq_snorg

Skill      XL: |  1  2  3  4  5  6  7  8  9 10 11 12 13 |
---------------+----------------------------------------+-----
Shields        | 4 5 6 7 8 9 10 | 10.6
Axes           | 3 4 5 6 7 10 11 13 14 15 | 15.8
Armour         | 4 5 6 7 8 9 10 11 | 11.2
Fighting       | 4 5 6 7 8 9 |  9.7
Dodging        | 1 3 4 |  4.7

Action                   |  1- 3 |  4- 6 |  7- 9 | 10-12 | 13-15 || total
-------------------------+-------+-------+-------+-------+-------++-------
Melee: War axe           |    94 |   170 |   373 |   199 |       ||   836
       Battleaxe         |       |       |       |   379 |   307 ||   686
       Morningstar       |       |       |       |     7 |     3 ||    10
Invok: Trog's Hand       |       |     1 |     5 |     4 |     1 ||    11
 Abil: Dig               |     1 |     5 |    10 |    34 |     7 ||    57
       Shaft Self        |       |       |       |     1 |       ||     1
Evoke: Wand              |       |       |       |     4 |       ||     4
  Use: Scroll            |     3 |       |    10 |     4 |     4 ||    21
       Potion            |       |       |     2 |       |       ||     2
 Stab: Paralysed         |       |       |       |     2 |       ||     2
       Distracted        |       |       |       |     1 |       ||     1
Armor: Scale mail        |    40 |    27 |       |       |       ||    67
       Plate armour      |       |    44 |   206 |   231 |   121 ||   602
Dodge: Dodged            |    36 |    33 |   125 |   138 |    77 ||   409
Block: Kite shield       |    47 |    87 |   197 |   249 |   162 ||   742
